 Dungeon Sprint DCSS version 0.21-a0-221-gfe971b9 (webtiles) character file.

23 potatolord6000 the Skirmisher (level 2, -4/37 HPs)
             Began as a Demonspawn Fighter on Aug 25, 2017.
             Was a Believer of Qazlal.
             Slain by an orc warrior
             ... wielding a +0 hand axe
              (14 damage)
             ... in the Dungeon (Sprint VII: "The Pits").
             The game lasted 00:01:28 (226 turns).

potatolord6000 the Skirmisher (Demonspawn Fighter)   Turns: 226, Time: 00:01:29

Health: -4/37      AC:  8    Str: 21    XL:     2   Next: 75%
Magic:  5/5        EV:  7    Int:  9    God:    Qazlal [**....]
Gold:   0          SH: 13    Dex: 12    Spells: 5/5 levels left

rFire    . . .     SeeInvis .   a - +0 long sword
rCold    . . .     Gourm    .   c - +0 shield
rNeg     . . .     Faith    .   b - +0 scale mail
rPois    .         Spirit   .   (no helmet)
rElec    .         Reflect  .   (no cloak)
rCorr    .         Harm     .   (no gloves)
MR       .....     NoTele   +   (no boots)
Stlth    ..........             (no amulet)
HPRegen  0.12/turn              (no ring)
MPRegen  0.09/turn              (no ring)

@: mighty, berserking, very slightly contaminated, hasted, invisible, very quick
A: slimy green scales 1
a: Upheaval, Renounce Religion


You were in the Dungeon.
You worshipped Qazlal.
Qazlal was pleased with you.
You were not hungry.

You visited 1 branch

Inventory:

Hand Weapons
 a - a +0 long sword (weapon)
Armour
 b - a +0 scale mail (worn)
 c - a +0 shield (worn)
Scrolls
 k - a scroll of blinking
 m - 3 scrolls of remove curse
 n - 5 scrolls of amnesia
 o - a scroll of summoning
Potions
 e - a potion of curing
 i - 3 potions of magic
 j - 2 potions of berserk rage
 l - a potion of invisibility
Comestibles
 f - 8 bread rations
 p - 40 fruits
 q - 7 meat rations


   Skills:
 + Level 3.8 Fighting
 + Level 2.5 Long Blades
 + Level 3.3 Armour
 + Level 2.0 Stealth
 + Level 3.3 Shields
 + Level 2.0 Spellcasting


You had 5 spell levels left.
You didn't know any spells.

Dungeon Overview and Level Annotations

Branches:
Dungeon (1/1)

Altars:
Ashenzari
Cheibriados
Dithmenos
Elyvilon
Fedhas
Gozag
Hepliaklqana
Kikubaaqudgha
Makhleb
Nemelex Xobeh
Okawaru
Qazlal
Ru
Sif Muna
Trog
Uskayaw
Vehumet
Wu Jian
Xom
Yredelemnul
Zin
The Shining One
Beogh
Jiyva
Lugonu


Innate Abilities, Weirdness & Mutations

You are partially covered in slimy green scales. (AC +2)


Message History

You barely miss the orc.
The orc is lightly wounded.
The orc warrior hits you with a hand axe.
Unknown command.
You closely miss the orc. The orc hits you but does no damage.
The orc barely misses you.
A red film seems to cover your vision as you go berserk!
You feel yourself moving faster!
You feel mighty! You block the orc warrior's attack.
The orc hits you but does no damage.
You closely miss the orc warrior.
The orc warrior is lightly wounded.
You block the orc's attack.
The orc warrior hits you with a hand axe.
* * * LOW HITPOINT WARNING * * *
You block the orc's attack.
You slash the orc warrior!
The orc warrior is heavily wounded.
You block the orc's attack.
The orc warrior hits you with a hand axe!
You die...

#_______...##########
##########+##........
#.?(.')))+.##......#.
##########.##........
#...........'........
#+#####†#####......#.
#...#.# #........
#...#.# ####'####
#o@o'.# #.......#
##o#### #.......# ...
#.......# #....
#...<...# #.....
#.......# #......
#.......# ########
#.......# #########


You could see an orc warrior and 2 orcs.

Vanquished Creatures
  2 oozes (D)
  An adder zombie (D)
  2 orcs (D)
  A bat zombie (D)
  A kobold (D)
  A quokka (D)
  A frilled lizard (D)
  A rat (D)
10 creatures vanquished.

Vanquished Creatures (others)
  An emperor scorpion (D)
  A hydra (D)
2 creatures vanquished.

Grand Total: 12 creatures vanquished

Notes
Turn   | Place    | Note
-------+----------+-------------------------------------------
     0 | D        | potatolord6000 the Demonspawn Fighter began the quest for the Orb.
     0 | D        | Reached XP level 1. HP: 18/18 MP: 1/1
     4 | D        | Killed an eight-headed hydra
    17 | D        | Reached skill level 1 in Stealth
    33 | D        | Killed an emperor scorpion
    45 | D        | Found a bloodstained altar of Trog.
    45 | D        | Found a deep blue altar of Sif Muna.
    45 | D        | Found a viscous altar of Jiyva.
    45 | D        | Found a hazy altar of Hepliaklqana.
    45 | D        | Found an opulent altar of Gozag.
    46 | D        | Found a glowing golden altar of the Shining One.
    46 | D        | Found a glowing silver altar of Zin.
    46 | D        | Found a basalt altar of Yredelemnul.
    46 | D        | Found a shimmering altar of Xom.
    46 | D        | Found an ornate altar of the Wu Jian Council.
    46 | D        | Found a sacrificial altar of Ru.
    46 | D        | Found a stormy altar of Qazlal.
    46 | D        | Found an iron altar of Okawaru.
    46 | D        | Found a sparkling altar of Nemelex Xobeh.
    46 | D        | Found a burning altar of Makhleb.
    46 | D        | Found a blossoming altar of Fedhas.
    46 | D        | Found a white marble altar of Elyvilon.
    46 | D        | Found a shadowy altar of Dithmenos.
    46 | D        | Found a snail-covered altar of Cheibriados.
    49 | D        | Found a corrupted altar of Lugonu.
    49 | D        | Found a radiant altar of Vehumet.
    49 | D        | Found a roughly hewn altar of Beogh.
    50 | D        | Found an ancient bone altar of Kikubaaqudgha.
    50 | D        | Found a hide-covered altar of Uskayaw.
    50 | D        | Found a shattered altar of Ashenzari.
    53 | D        | Became a worshipper of Qazlal Stormbringer
    77 | D        | Reached skill level 1 in Spellcasting
    87 | D        | Reached * piety under Qazlal
    87 | D        | Gained mutation: You are partially covered in slimy green scales. (AC +2) [demonic ancestry]
    87 | D        | Reached XP level 2. HP: 19/24 MP: 3/3
   193 | D        | Noticed an orc warrior
   209 | D        | Reached ** piety under Qazlal
   226 | D        | Slain by an orc warrior

Vault maps used:
D:        pitsprint

Skill      XL: |  1  2 |
---------------+-------+-----
Long Blades    | 2 |  2.5
Stealth        | 1 2 |  2.0
Shields        | 3 |  3.3
Armour         | 3 |  3.3
Spellcasting   | 1 2 |  2.0
Fighting       | |  3.8

Action                   || total
-------------------------++-------
Melee: Long sword        ||    49
  Use: Potion            ||     6
 Stab: Invisible         ||     1
Armor: Scale mail        ||    17
Dodge: Dodged            ||    12
Block: Shield            ||    25
       Rpst.: Long sword ||     5

Table legend:
 A = Spawn XP
 B = Non-spawn XP
 C = Spawn XP percentage of total XP
 D = Spawn monster count
 E = Non-spawn monster count
 F = Spawn count percentage of total count
 G = Total turns spent on level
                    A         B        C        D         E        F      G
               +---------+---------+-------+---------+---------+-------+---------
         Total |       0 |      34 |   0.0 |       0 |      10 |   0.0 |   226
               +---------+---------+-------+---------+---------+-------+---------
             D |       0 |      34 |   0.0 |       0 |      10 |   0.0 |   226
               +---------+---------+-------+---------+---------+-------+---------
